 Dungeon Crawl Stone Soup version 0.31-a0-1202-ga8fea8b373 (webtiles) character file.

Game seed: 16735417494703696825

2604 kae the Sneak (level 9, -3/65 HPs)
             Began as a Demonspawn Enchanter on Dec 12, 2023.
             Was a Believer of Dithmenos.
             Shot with an arrow by a centaur (6 damage)
             ... on level 6 of the Dungeon.
             The game lasted 00:08:57 (6815 turns).

kae the Sneak (Demonspawn Enchanter)                Turns: 6815, Time: 00:08:58

Health: -3/65      AC:  8    Str:  9    XL:     9   Next: 33%
Magic:  4/15       EV: 11    Int: 16    God:    Dithmenos [**....]
Gold:   225        SH:  4    Dex: 17    Spells: 5/16 levels left

rFire   + . .        a - +3 dagger
rCold   + + .        g - +0 buckler
rNeg    . . .        b - +0 robe
rPois   .            f - +2 hat
rElec   .            (no cloak)
rCorr   .            (no gloves)
SInv    .            (no boots)
Will    .....        (no amulet)
Stlth   +++++        C - ring of protection from cold
HPRegen 0.30/turn    c - ring of protection from cold
MPRegen 0.28/turn

%: no passive effects
@: wreathed by umbra, invisible
A: molten scales 3, magic regeneration
a: Renounce Religion, Shadow Step


You were on level 6 of the Dungeon.
You worshipped Dithmenos.
Dithmenos was pleased with you.
You visited 2 branches of the dungeon, and saw 7 of its levels.
You also visited: Sewer.

You collected 225 gold pieces.


Innate Abilities, Weirdness & Mutations

You are completely covered in molten scales. (AC +4, rF+)
You regenerate magic rapidly.


   Skills:
 + Level 4.2 Fighting
 * Level 5.5 Short Blades
 + Level 3.7 Armour
 - Level 1.7 Dodging
 * Level 6.6 Stealth
 + Level 1.1 Shields
 + Level 4.3 Spellcasting
 + Level 5.1 Hexes
 * Level 2.4 Ice Magic


You had 5 spell levels left.
You knew the following spells:

 Your Spells              Type           Power      Damage    Failure   Level
a - Ensorcelled Hibernat  Hex/Ice        30%        N/A       8%          2
b - Confusing Touch       Hex            19%        N/A       9%          3
c - Tukima's Dance        Hex            19%        N/A       9%          3
d - Dazzling Flash        Conj/Hex       22%        N/A       26%         3

Your spell library contained the following spells:

 Spells                   Type           Power      Damage    Failure   Level
 Foxfire                  Conj/Fire      12%        2x1d4     26%         1
 Kiss of Death            Conj/Necr      12%        2d6       26%         1
 Ozocubu's Armour         Ice            11%        N/A       28%         3
 Blink                    Tloc           6%         N/A       36%         2
 Dispel Undead            Necr           3%         3d7       94%         4
 Manifold Assault         Tloc           3%         N/A       94%         4
 Plasma Beam              Fire/Air       1%         2x1d11    100%        6
 Starburst                Conj/Fire      1%         6d3       100%        6
 Ozocubu's Refrigeration  Ice            5%         4d8       100%        7

Inventory:

Hand Weapons
 a - a +3 dagger (weapon)
Missiles
 d - 20 poisoned darts
 e - 53 stones
 o - a curare-tipped dart {=f}
 q - 2 datura-tipped darts
Armour
 b - a +0 robe (worn)
 f - a +2 hat (worn)
   (You found it on level 3 of the Dungeon)
 g - a +0 buckler (worn)
   (You took it off a gnoll sergeant on level 4 of the Dungeon)
 m - a +1 kite shield
   (You found it on level 3 of the Dungeon)
 n - a +0 helmet
   (You found it on level 1 of the Dungeon)
Jewellery
 c - a ring of protection from cold (right hand)
   (You found it on level 3 of the Dungeon)
 C - a ring of protection from cold (left hand)
   (You found it on level 1 of the Dungeon)
Wands
 j - a wand of charming (5)
   (You took it off an orc on level 5 of the Dungeon)
 k - a wand of mindburst (9)
   (You found it on level 3 of the Dungeon)
 x - a wand of polymorph (8)
   (You took it off Blork the orc on level 4 of the Dungeon)
Scrolls
 i - a scroll of teleportation {@r4}
 r - 3 scrolls of vulnerability {!r!r}
 u - a scroll of butterflies
Potions
 l - 2 potions of invisibility
 p - a potion of haste {@q3}
 s - 2 potions of cancellation
 t - a potion of magic
 v - a potion of brilliance
 w - 3 potions of mutation {!q}
 z - a potion of enlightenment
 A - a potion of resistance {unknown}

Dungeon Overview and Level Annotations

Branches:
Dungeon (6/15) Zot: 26772  Temple (1/1) D:4 Zot: 5986   Sewer (visited)

Altars:
Ashenzari
Dithmenos
Fedhas
Gozag
Hepliaklqana
Makhleb
Nemelex Xobeh
Okawaru
Qazlal
Sif Muna
Trog
Vehumet
Wu Jian
Xom
Yredelemnul

Shops:
D:4

*
..K.K##.....####
.KK..''.........
#...c5....
#.....h...
#......... #
##.###.........
#
...............
#####
#######...#....
....# #@#######
.##.# #.#
....####### #.#
###........ ...
#.####### #.#
#.....<# ###
######## #
########## #
#........#


You could see a centaur (unable to see you), a hound and a shadow imp
(wandering, unable to see you).


Message History

Casting: Ensorcelled Hibernation (safe; 9% risk of failure)
Confirm with . or Enter, or press ? or * to list all spells.
Aiming: Ensorcelled Hibernation (safe; 9% risk of failure)
Press: ? - help, Shift-Dir - straight line, f/p - yak
Aim: a yak (umbra, chance to affect: 49%)
The yak resists with some effort.
The yak gores you! 😮 HP[-8] MP[-2]
You take 8 damage, and now have 42/65 hp.
You lost 2 mp, and now have 4/15 mp.
Unknown command.
Casting: Ensorcelled Hibernation (safe; 9% risk of failure)
Confirm with . or Enter, or press ? or * to list all spells.
Aiming: Ensorcelled Hibernation (safe; 9% risk of failure)
Press: ? - help, Shift-Dir - straight line, f/p - yak
Aim: a yak (umbra, chance to affect: 49%)
The yak looks drowsy... 😮 MP[-1]
You lost 1 mp, and now have 3/15 mp.
Unknown command.
The helpless yak fails to defend itself.
You spit the yak like a pig!!!
You kill the yak!
Dithmenos accepts your kill.
You hit the yak but do no damage. The yak gores you!
* * * LOW HITPOINT WARNING * * *
😨 HP[-11]
You take 11 damage, and now have 31/65 hp.
You hit the yak. You block the yak's attack.
You barely miss the yak.
The white imp disappears for a moment.
The yak gores you!
* * * LOW HITPOINT WARNING * * *
😨 HP[-10] MP[+1]
You take 10 damage, and now have 21/65 hp.
You hit the yak but do no damage.
Casting: Ensorcelled Hibernation (safe; 8% risk of failure)
Confirm with . or Enter, or press ? or * to list all spells.
Aiming: Ensorcelled Hibernation (safe; 8% risk of failure)
Press: ? - help, Shift-Dir - straight line, f/p - yak
Aim: a yak (umbra, chance to affect: 49%)
The yak resists with some effort.
The yak barely misses you.
Your magical contamination has completely faded away. 😨 HP[+1] MP[-2]
You lost 2 mp, and now have 2/15 mp.
Unknown command.
Casting: Ensorcelled Hibernation (safe; 8% risk of failure)
Confirm with . or Enter, or press ? or * to list all spells.
Aiming: Ensorcelled Hibernation (safe; 8% risk of failure)
Press: ? - help, Shift-Dir - straight line, f/p - yak
Aim: a yak (umbra, chance to affect: 49%)
The yak resists with some effort.
The yak gores you.
* * * LOW HITPOINT WARNING * * *
😱 HP[-6] MP[-2]
You take 6 damage, and now have 16/65 hp.
You lost 2 mp, and now have 0/15 mp.
Unknown command.
Okay, then.
As you read the scroll of teleportation {@r4}, it crumbles to dust.
You feel strangely unstable.
You block the yak's attack. 😱 MP[+1] Unknown command. 😨 HP[+1] Unknown command.
Your surroundings suddenly seem different.
The white imp summons a swarm of flies.
As you read the scroll of teleportation {@r4}, it crumbles to dust.
You feel strangely unstable. The white imp gestures at you.
The puff of frost hits you but does no damage.
The white imp gestures at you. The puff of frost hits you. You resist.
* * * LOW HITPOINT WARNING * * *
😱 HP[-2] MP[+1]
You take 2 damage, and now have 15/65 hp.
Your surroundings suddenly seem different. 5 kobolds, a centaur and a shadow imp come into view.
A kobold brigand is wielding a +0 dagger and quivering poisoned darts.
A kobold is wielding a +0 club and quivering poisoned darts.
A kobold demonologist is wielding a +2 dagger of speed. 😱 HP[+1] Unknown command.
The centaur wields a +0 shortbow.
The centaur shoots an arrow.
The arrow hits you.
* * * LOW HITPOINT WARNING * * *
The centaur shoots an arrow.
The arrow hits you!
* * * LOW HITPOINT WARNING * * *
😱 HP[-15] MP[+1]
You take 15 damage, and now have 1/65 hp.
MASSIVE DAMAGE!! (PAUSE)
You fade into invisibility!
The centaur shoots an arrow.
The arrow closely misses you.
The shadow imp shouts, "Out, out, thou jarring nose-picking socdollager!" 😱 HP[+1]
You hear a shout!
A hound comes into view.
You hear a shout!
The centaur shoots an arrow.
You block the arrow.
The centaur shoots an arrow.
You block the arrow. 😱 HP[+1] MP[+1]
The centaur shoots an arrow.
The arrow hits you.
You die...

Skill      XL: |  1  2  3  4  5  6  7  8  9 |
---------------+----------------------------+-----
Short Blades   | 1 2 3 4 5 |  5.5
Stealth        | 3 4 5 6 |  6.6
Fighting       | 1 2 3 4 |  4.2
Armour         | 1 2 3 |  3.7
Spellcasting   | 3 4 |  4.3
Hexes          | 4 5 |  5.1
Ice Magic      | 1 2 |  2.4
Shields        | 1 |  1.1
Dodging        | |  1.7

Action                     |  1- 3 |  4- 6 |  7- 9 || total
---------------------------+-------+-------+-------++-------
  Melee: Dagger            |   152 |   129 |   378 ||   659
         Punch             |     1 |     3 |     2 ||     6
   Cast: Ensorcelled Hiber |     1 |     7 |    71 ||    79
         Confusing Touch   |       |     5 |     3 ||     8
    Use: Scroll            |    10 |     1 |    10 ||    21
         Potion            |       |     1 |     5 ||     6
   Stab: Sleeping          |     6 |     4 |    42 ||    52
         Distracted        |     1 |       |     2 ||     3
         Confused          |       |     7 |     4 ||    11
 Armour: Robe              |    82 |    63 |   256 ||   401
  Dodge: Dodged            |    89 |    76 |   259 ||   424
  Block: Buckler           |       |       |     9 ||     9

Levels and vault maps discovered:
D:1:      sevenhm_arrival_forest_fort_small_6, layout_basic, minmay_nonomino_d4
D:2:      minmay_kobold_bridge, layout_loops_ring, kennysheep_generic_room_15
D:3:      minmay_door_path, layout_basic, shapermc_ecumenical_altar_ellora,
          uniq_sigmund
D:4:      layout_basic, tso_altar, mainiacjoe_overflow_alcove_4,
          minmay_temple_entry_waves, portal_sewer_entry_a, minmay_shop_damaged,
          uniq_pikel, uniq_blork_the_orc, uniq_grinder, uniq_robin
D:5:      layout_rooms, nicolae_tricolors
D:6:      layout_basic, ebering_ghost_rock_garden
Temple:   minmay_freezing_vapour_temple

Notes
Turn   | Place    | Note
-------+----------+-------------------------------------------
     0 | D:1      | kae the Demonspawn Enchanter began the quest for the Orb.
     0 | D:1      | Reached XP level 1. HP: 13/13 MP: 3/3
     0 | D:1      | magus.rc [v1.11.3]
    40 | D:1      | Reached skill level 1 in Short Blades
   188 | D:1      | You pick up a book of Touch and begin reading...
   188 | D:1      | You add the spells Kiss of Death and Dispel Undead to your
                  | library.
   262 | D:1      | You add the spells Ozocubu's Armour and Ozocubu's
                  | Refrigeration to your library.
   274 | D:1      | Gained mutation: You are partially covered in molten
                  | scales. (AC +2) [demonic ancestry]
   274 | D:1      | Reached XP level 2. HP: 19/19 MP: 5/5
   524 | D:1      | Reached skill level 3 in Stealth
   827 | D:2      | Gained mutation: You regenerate magic rapidly. [demonic
                  | ancestry]
   827 | D:2      | Reached XP level 3. HP: 12/25 MP: 6/6
   903 | D:2      | Learned a level 2 spell: Ensorcelled Hibernation
   907 | D:2      | Learned a level 3 spell: Confusing Touch
   958 | D:2      | You add the spells Blink and Manifold Assault to your
                  | library.
  1062 | D:2      | Reached skill level 1 in Fighting
  1067 | D:2      | You pick up a book of Fire and begin reading...
  1067 | D:2      | You add the spells Foxfire, Plasma Beam and Starburst to
                  | your library.
  1565 | D:3      | Reached XP level 4. HP: 32/32 MP: 7/7
  1574 | D:3      | Noticed Sigmund
  1624 | D:3      | HP: 5/32 [Sigmund/+0 scythe (10)]
  1626 | D:3      | Killed Sigmund
  1627 | D:3      | Reached skill level 2 in Short Blades
  1627 | D:3      | Reached skill level 1 in Armour
  1627 | D:3      | Gained mutation: You are mostly covered in molten scales.
                  | (AC +3) [demonic ancestry]
  1627 | D:3      | Reached XP level 5. HP: 7/38 MP: 0/8
  1797 | D:3      | HP: 9/38 [orc/+0 club (2)]
  1804 | D:3      | HP: 6/38 [orc/+0 club (2)]
  1809 | D:3      | HP: 5/38 [rat (2)]
  2097 | D:3      | Reached skill level 4 in Stealth
  2243 | D:3      | Gained mutation: You are completely covered in molten
                  | scales. (AC +4, rF+) [demonic ancestry]
  2243 | D:3      | Reached XP level 6. HP: 36/44 MP: 10/10
  2248 | D:3      | Learned a level 3 spell: Tukima's Dance
  2687 | D:3      | Found a faded altar of an unknown god.
  3417 | D:4      | Noticed Pikel
  3615 | D:4      | Killed Pikel
  3616 | D:4      | Reached skill level 2 in Fighting
  3616 | D:4      | Reached skill level 3 in Short Blades
  3616 | D:4      | Reached skill level 2 in Armour
  3616 | D:4      | Reached skill level 3 in Spellcasting
  3616 | D:4      | Reached skill level 4 in Hexes
  3616 | D:4      | Reached XP level 7. HP: 49/51 MP: 11/11
  3664 | D:4      | Reached skill level 5 in Stealth
  3677 | D:4      | Identified the +3 helmet "Jeydd" {Str+3}
  3677 | D:4      | Noticed Robin
  3699 | D:4      | Found a staircase to the Ecumenical Temple.
  3705 | Temple   | Entered the Ecumenical Temple
  3710 | Temple   | Became a worshipper of Dithmenos the Shadowed
  3743 | D:4      | Killed Robin
  3754 | D:4      | HP: 11/51 [poisoned by a goblin]
  3759 | D:4      | HP: 8/51 [poisoned by a goblin]
  3798 | D:4      | Found a glowing drain.
  3802 | D:4      | Noticed Grinder
  3818 | D:4      | Reached skill level 4 in Short Blades
  3853 | D:4      | Killed Grinder
  3854 | D:4      | Reached skill level 3 in Fighting
  3854 | D:4      | Reached XP level 8. HP: 16/58 MP: 6/13
  3869 | Sewer    | Entered a sewer
  4162 | Sewer    | Reached * piety under Dithmenos
  4526 | Sewer    | Reached skill level 3 in Armour
  4541 | Sewer    | Reached ** piety under Dithmenos
  4973 | D:4      | Found Hoeloy's Lightly-Used Armoury.
  4995 | D:4      | Found a blossoming altar of Fedhas.
  5310 | D:4      | Noticed Blork the orc
  5317 | D:4      | Killed Blork the orc
  5318 | D:4      | Reached skill level 6 in Stealth
  5554 | D:4      | Learned a level 3 spell: Dazzling Flash
  5563 | D:5      | Entered Level 5 of the Dungeon
  5579 | D:4      | Reached skill level 5 in Short Blades
  5693 | D:4      | Reached skill level 4 in Spellcasting
  5693 | D:4      | Reached skill level 1 in Ice Magic
  5915 | D:5      | HP: 5/60 [ogre/+0 giant club (20)]
  5916 | D:5      | HP: 2/60 [ogre/+0 giant club (4)]
  6169 | D:5      | Reached XP level 9. HP: 65/65 MP: 12/15
  6598 | D:6      | Noticed a gargoyle
  6607 | D:6      | Killed a gargoyle
  6608 | D:6      | Reached skill level 4 in Fighting
  6608 | D:6      | Reached skill level 5 in Hexes
  6608 | D:6      | Reached skill level 2 in Ice Magic
  6761 | D:6      | Reached skill level 1 in Shields
  6802 | D:6      | HP: 16/65 [yak (6)]
  6807 | D:6      | HP: 15/65 [white imp/puff of frost (2)]
  6808 | D:6      | Noticed a kobold demonologist
  6810 | D:6      | HP: 1/65 [centaur/arrow (10)]
  6815 | D:6      | Shot with an arrow by a centaur

Vanquished Creatures
  Pikel (D:4)
  A gargoyle (D:6)
  Grinder (D:4)
  Sigmund (D:3)
  A yak (D:6)
  A black bear (D:6)
  An ogre (D:5)
  4 lemures
  A phantom (D:4)
  Blork the orc (D:4)
  3 kobold brigands (Sewer)
  2 scorpions (D:4)
  A gnoll sergeant (D:4)
  A hound (D:5)
  A jelly (D:5)
  An orc priest (D:4)
  An iguana (D:4)
  2 orc wizards
  Robin (D:4)
  12 gnolls
  10 adders
  9 river rats
  2 dart slugs
  15 orcs
  10 ball pythons
  5 endoplasms
  5 giant cockroaches
  19 goblins
  8 hobgoblins
  2 jackals (D:2)
  28 kobolds
  2 quokkas
  6 bats
  A frilled lizard (Sewer)
  25 rats
185 creatures vanquished.

Table legend:
 A = Non-vault XP
 B = Vault XP
 C = Vault XP percentage of total XP
 D = Non-vault monster count
 E = Vault monster count
 F = Vault count percentage of total count
                 A         B        C        D         E       F
            +---------+---------+-------+---------+---------+-------
      Total |    1864 |    1857 |  49.9 |      93 |      88 |  48.6
            +---------+---------+-------+---------+---------+-------
        D:1 |      26 |       3 |  10.3 |      12 |       2 |  14.3
        D:2 |      52 |       9 |  14.8 |      17 |       5 |  22.7
        D:3 |      50 |     244 |  83.0 |      14 |       2 |  12.5
        D:4 |     584 |    1147 |  66.3 |      29 |      24 |  45.3
        D:5 |     381 |       0 |   0.0 |      18 |       0 |   0.0
        D:6 |     771 |       0 |   0.0 |       3 |       0 |   0.0
     Temple |       0 |       2 | 100.0 |       0 |       1 | 100.0
      Sewer |       0 |     452 | 100.0 |       0 |      54 | 100.0
            +---------+---------+-------+---------+---------+-------

Skill      XL: |  1  2  3  4  5  6  7  8  9 |
---------------+----------------------------+-----
Short Blades   | 1 2 3 4 5 |  5.5
Stealth        | 3 4 5 6 |  6.6
Fighting       | 1 2 3 4 |  4.2
Armour         | 1 2 3 |  3.7
Spellcasting   | 3 4 |  4.3
Hexes          | 4 5 |  5.1
Ice Magic      | 1 2 |  2.4
Shields        | 1 |  1.1
Dodging        | |  1.7

Action                     |  1- 3 |  4- 6 |  7- 9 || total
---------------------------+-------+-------+-------++-------
  Melee: Dagger            |   152 |   129 |   378 ||   659
         Punch             |     1 |     3 |     2 ||     6
   Cast: Ensorcelled Hiber |     1 |     7 |    71 ||    79
         Confusing Touch   |       |     5 |     3 ||     8
    Use: Scroll            |    10 |     1 |    10 ||    21
         Potion            |       |     1 |     5 ||     6
   Stab: Sleeping          |     6 |     4 |    42 ||    52
         Distracted        |     1 |       |     2 ||     3
         Confused          |       |     7 |     4 ||    11
 Armour: Robe              |    82 |    63 |   256 ||   401
  Dodge: Dodged            |    89 |    76 |   259 ||   424
  Block: Buckler           |       |       |     9 ||     9

Illustrated notes

Table legend:
 A = Kills in this place as a percentage of kills in the entire game.
 B = Kills by you in this place as a percentage of kills by you in the entire game.
 C = Kills by friends in this place as a percentage of kills by friends in the entire game.
 D = Other kills in this place as a percentage of other kills in the entire game.
 E = Experience gained in this place as a percentage of experience gained in the entire game.
 F = Experience gained in this place divided by the number of levels of this place that you have seen.
                   A       B       C       D       E      F
               +-------+-------+-------+-------+-------+----------------------
         Total | 100.0 | 100.0 |   N/A | 100.0 | 100.0 | 465.1
       Dungeon |  69.6 |  69.3 |   N/A | 100.0 |  87.8 | 544.5
        Temple |   0.6 |   0.6 |   N/A |   0.0 |   0.1 |   2.0
         Sewer |  29.8 |  30.2 |   N/A |   0.0 |  12.1 | 452.0
               +-------+-------+-------+-------+-------+----------------------

Table legend: (Time is in decaauts)
 A = Elapsed time spent in this place.
 B = Non-inter-level travel time spent in this place.
 C = Inter-level travel time spent in this place.
 D = Time resting spent in this place.
 E = Time spent auto-exploring this place.
 F = Levels seen in this place.
 G = Mean time per level.
                   A        B        C        D        E       F      G
               +--------+--------+--------+--------+--------+-----+--------+
         Total |   6707 |   6371 |    336 |    326 |   4440 |   8 |  838.4 |
       Dungeon |   5691 |   5355 |    336 |    300 |   3826 |   6 |  948.5 |
        Temple |     13 |     13 |      0 |      0 |      0 |   1 |   13.0 |
         Sewer |   1002 |   1002 |      0 |     26 |    614 |   1 | 1002.0 |
               +--------+--------+--------+--------+--------+-----+--------+

Top non-repeatable levels by time:
     D:3: 1896 daAuts
     D:4: 1482 daAuts
   Sewer: 1002 daAuts
     D:2: 838 daAuts
     D:1: 676 daAuts
     D:5: 571 daAuts
     D:6: 226 daAuts
  Temple: 13 daAuts
